Unix NetHack Version 3.7.0-89 Work-in-progress - last build Sep 24 2023 19:26:52 (48e034876007844a536bf88644040a71d2893410,branch:master). Game began 2023-10-08 16:46:34, ended 2023-10-10 06:54:15. spontiff, neutral male gnomish Healer - .-- - -- --.| --... --..---.... | |..Z@...- .- --..r...0| --- .. |........| --..- .. --......*.| ...... .. |.0.......| -....--.. ---|.....--..-- ----... |..----..---..--|...| --*|..- --.-.--........---...-- |...<-----..........-.......h..| ---..............................| |....-------....................-- -.|.-- |.|..........---....-- . --- ----..---...-- |..--- .. ---- ----- ---- --- Spontiff the Rhizotomist St:9 Dx:7 Co:18 In:10 Wi:15 Ch:17 Neutral S:264 Dlvl:6 $:1308 HP:0(13) Pw:6(6) AC:4 Xp:1/0 T:2193 Fainted Deaf Latest messages: Where do you want to travel to? (For instructions type a '?') Where do you want to travel to? (For instructions type a '?') You materialize in a different location! Where do you want to travel to? (For instructions type a '?') You escape a teleportation trap. f - a scroll labeled VERR YED HORRE. You are beginning to feel weak. You descend the stairs. You hear a jackal howling at the moon. #coaligned or bust: unknown extended command. You hear a G sharp squeak in the distance. You see here 2 worthless pieces of blue glass. You see here a red gem. i - a red gem. What do you want to use or apply? [josxJMOPS or ?*] j What do you want to rub on the stones? [$i or ?*] i i - a garnet stone. The gnome zombie hits! What do you want to adjust? [ac-koqsvxGI-SUW or ?*] I Adjust letter to what [bl-nprtuwyzA-FHITVX-Z] (? see used letters)? e Swapping: e - a scroll labeled VAS CORP BET MANI. What do you want to adjust? [ac-koqsvxGI-SUW or ?*] i Adjust letter to what [bil-nprtuwyzA-FHTVX-Z] (? see used letters)? E Moving: E - a garnet stone. l - a scroll labeled YUM YUM. m - a potion of healing. You see here 9 rocks. With great effort you move the boulder. With great effort you move the boulder. You faint from lack of food. You regain consciousness. You faint from lack of food. The gnome zombie just misses! You regain consciousness. The sewer rat bites! You can hear again. You faint from lack of food. The sewer rat just misses! The sewer rat bites! The sewer rat bites! The sewer rat bites! The gnome zombie hits! The sewer rat bites! The gnome zombie hits! You die... Do you want your possessions identified? [ynq] (y) y Do you want to see the dungeon overview? [ynq] (y) q Inventory: Coins $ - 1308 gold pieces Weapons W - 31 uncursed +0 darts k - an uncursed +0 dagger Armor h - an uncursed +1 orcish helm (being worn) g - an uncursed +1 pair of leather gloves (being worn) v - an uncursed +0 pair of iron shoes (being worn) q - an uncursed +0 dwarvish cloak (being worn) G - an uncursed +0 dwarvish cloak Q - an uncursed +0 dwarvish cloak U - an uncursed +0 dwarvish cloak Scrolls L - a blessed scroll of confuse monster e - an uncursed scroll of confuse monster f - an uncursed scroll of destroy armor a - an uncursed scroll of identify K - a blessed scroll of light l - an uncursed scroll of teleportation Spellbooks M - an uncursed spellbook of cure sickness Potions c - a blessed potion of healing m - a blessed potion of healing I - 3 uncursed potions of healing d - an uncursed potion of paralysis N - an uncursed potion of see invisible Rings R - an uncursed ring of shock resistance Wands J - an uncursed wand of cold (0:6) O - an uncursed wand of digging (0:8) P - an uncursed wand of opening (0:6) S - an uncursed wand of sleep (0:8) Tools x - an uncursed brass lantern s - an uncursed stethoscope o - an uncursed tin whistle Gems/Stones E - an uncursed garnet stone j - 2 uncursed touchstones Spontiff the Healer's attributes: Background: You were a Rhizotomist, a level 1 male gnomish Healer. You were neutral, on a mission for Hermes who was opposed by Athena (lawful) and Poseidon (chaotic). You were in the Gnomish Mines, on level 6. You entered the dungeon 2193 turns ago. You had 0 experience points, 20 were needed to attain level 2. Your score was 264 before end-of-game adjustments. Basics: You had 0 out of 13 hit points. You had all 6 energy points (spell power). Your armor class was 4. Your wallet contained 1308 zorkmids. Autopickup was on for '$!/="?' plus thrown, with exceptions. Final Characteristics: Your strength was 9 (base:10, limit:18/50). Your dexterity was 7 (limit:18). Your constitution was 18 (limit:18). Your intelligence was 10 (limit:19). Your wisdom was 15 (limit:18). Your charisma was 17 (limit:18). Final Status: You were deaf. You were fainted due to starvation. You were unencumbered. You were empty handed. You were unskilled in bare handed combat. Final Attributes: You were devoutly aligned. You were poison resistant. You had infravision. You were warded. Hermes was angry with you. You are dead. Miscellaneous: You never encountered a bones level. Total elapsed playing time was 52 minutes and 1 second. Major events: Turn 1: spontiff the neutral male gnomish Healer entered the dungeon 595: entered the Gnomish Mines 2193: killed by a gnome zombie, while fainted from lack of food Vanquished creatures: a gnome leader 4 dwarves a kobold leader 2 coyotes 2 gas spores 3 hobbits 2 manes a large kobold 3 giant rats a cave spider a brown mold 2 gnomes 3 geckos 8 jackals a fox 2 goblins 2 grid bugs a bat 4 lichens a kobold zombie 4 newts 49 creatures vanquished. No species were genocided or became extinct. Voluntary challenges: You never hit with a wielded weapon. You were a pacifist. You read items or engraved 1 time. You never engraved Elbereth. You never genocided any monsters. You never polymorphed an object. You never changed form. You used no wishes. Achievement: You entered the Gnomish Mines. The Dungeons of Doom: levels 1 to 3 Level 1: "Stashlet" A grave. Level 2: Level 3: Stairs down to The Gnomish Mines. The Gnomish Mines: levels 4 to 6 Level 4: Level 5: Level 6: <- You were here. Final resting place for you, killed by a gnome zombie, while fainted from lack of food. Game over: ---------- / \ / REST \ / IN \ / PEACE \ / \ | spontiff | | 1308 Au | | killed by a | | gnome zombie | | | | | | 2023 | *| * * * | * _________)/\\_//(\/(/\)/\//\/|_)_______ Goodbye spontiff the Healer... You died in The Gnomish Mines on dungeon level 6 with 263 points, and 1308 pieces of gold, after 2193 moves. You were level 1 with a maximum of 13 hit points when you died.